[Event "Charlotte Summer IM B 2022"]
[Site "Charlotte"]
[Date "2022.07.27"]
[Round "5.2"]
[White "Atanasov, Anthony"]
[Black "Mishra, Prateek"]
[Result "1/2-1/2"]
[ECO "D85"]
[WhiteElo "2172"]
[BlackElo "2204"]
[Annotator "TA"]
[PlyCount "239"]
[EventDate "2022.07.24"]
[EventType "tourn"]
[EventCountry "USA"]
[SourceTitle "playchess.com"]
[Source "ChessBase"]
[SourceQuality "1"]
[TimeControl "5400+30"]

1. d4 Nf6 2. c4 g6 3. Nc3 d5 4. cxd5 Nxd5 5. e4 Nxc3 6. bxc3 Bg7 7. Qa4+ Nd7 8. Nf3 O-O 9. Qa3 c5 10. Be2 Qc7 11. O-O b6 12. Bg5 Bb7 13. Bd3 (13. Bxe7 Rfe8 14. Bh4 Rxe4) 13... h6 14. Bd2 Rad8 15. Rad1 (15. Qxa7 $2 Ra8 16. Qxa8 (16. Bf4 $2 e5 $19) 16... Rxa8 $19) 15... g5 16. Bb1 (16. Qxa7 $2 Ra8 17. Qxa8 Rxa8 $19) 16... b5 17. Qb3 a6 18. a4 bxa4 19. Qa2 (19. Qxa4 $14 {deserves consideration.} Nb6 20. Qa2) 19... e6 $11 20. h3 Nf6 (20... Nb6 $11) 21. Rfe1 $14 (21. e5 Ne4 $15) 21... Nh5 22. Qxa4 Nf4 23. Qc4 Rc8 (23... Ng6 $14) 24. Qb3 (24. h4 $1 $16) 24... Ba8 (24... Rb8 $11) 25. Qa3 a5 26. Bxf4 gxf4 27. d5 e5 (27... c4 $16) 28. Nh4 $18 (28. d6 $6 Qd8) 28... Bb7 29. Nf5 Kh7 30. d6 Qd7 31. Qxa5 Ra8 32. Qxc5 Rfc8 33. Qb4 Ra4 34. Qb2 Rac4 $2 (34... Rca8 35. Qe2 Bf8) 35. Bd3 $18 R4c5 36. Rd2 Bf6 37. c4 Ba6 38. Rc1 f3 39. Ra1 ({Don't play} 39. gxf3 Bg5 40. Kh1 Qe6) 39... Bxc4 40. Bxc4 ({Weaker is} 40. gxf3 Be6 $14) 40... Rxc4 41. gxf3 Rg8+ 42. Kh1 Rg5 43. Rc2 Rd4 (43... Qe6 $142 44. Rxc4 Qxc4) 44. Rc7 $18 Qe6 45. Kh2 Rh5 (45... Bd8 $18 46. Rb7 Rxf5 47. exf5 Qxf5) 46. Qa2 (46. Qb7 $142 Rxf5 47. exf5 Qxf5 48. Rg1 Qf4+ 49. Kh1 Qg5 50. Rxg5 hxg5 51. Qb3) 46... Rxd6 47. Rxf7+ Kg6 48. Rg1+ (48. Rxf6+ $142 Kxf6 49. Qa8 Rxf5 50. Qf8+ Kg5 51. exf5) 48... Rg5 $18 49. Rxg5+ hxg5 {[%emt 0:00:11] [#]} 50. Qxe6 (50. Qa7 $142 $1 {Rg7+ would kill now.} Qxf7 51. Qxf7+ Kxf7 52. Nxd6+ Kg6 53. Kg3) 50... Rxe6 $18 51. Rd7 Ra6 52. Rd6 Rxd6 $2 (52... Ra8 53. Kg3 Kf7 54. Nh6+ Kg7) 53. Nxd6 $18 Be7 54. Nc4 Bf6 55. Kg2 Kh5 56. Ne3 Bh8 (56... Bd8 {was worth a try.} 57. Nf5 Bb6) 57. Nf5 $18 Bf6 58. Kf1 Bd8 59. Ne3 (59. Ng3+ $142 Kh4 60. Kg2) 59... Kh4 (59... Ba5 {was necessary.} 60. Kg2 Bb4) 60. Kg2 $18 Bf6 61. Nf5+ Kh5 62. Kg1 Bd8 63. Kf1 Bb6 64. Ke2 Bc5 65. Kd3 (65. Ke1 $1 $18 {and White stays clearly on top.}) 65... Bxf2 $16 66. Kc4 Be1 67. Kd5 Bc3 68. Ke6 (68. Kc6 $16) 68... Bd4 (68... Ba1 $1 $11) 69. Kf7 (69. Nxd4 exd4 70. Kf6 d3 71. Kf5 d2 72. Ke5 d1=Q 73. f4 Qa1+ 74. Kf5 Qf1 75. e5 gxf4 76. e6 f3 77. Ke5 Qe2+ 78. Kd5 f2 79. Kd6 f1=Q 80. Kd7 Qxh3 81. Kd8 Qhxe6 82. Kc7 Qb5 83. Kd8 Qed7#) 69... Bc3 70. Kf6 Bb2 $2 (70... Ba1 $16) 71. Kf7 $2 (71. Nd6 $18 {is more deadly.} Kh4 72. Nc4) 71... Bc3 $16 72. Ke7 Bb2 73. Kd7 Bc3 74. Kc7 Bb2 75. Kc6 Ba1 76. Kb7 Bb2 77. Kb6 Ba1 78. Kb5 Bc3 79. Kc4 ({Better is} 79. Kc5 $16) 79... Bd2 (79... Be1 $11) 80. Kd5 Bc3 $1 81. Ke6 (81. Kc5 $1 $16) 81... Bb2 (81... Bd4 $11) 82. Kf6 $16 Bc3 83. Kg7 (83. Kf7 $1 $16) 83... Bb2 {[%emt 0:00:11] [#]} (83... Bb4 $11 {keeps the balance.}) 84. Kf8 $1 $16 Bc3 85. Kf7 Bb2 86. Ke7 Bc3 87. Kd6 ({White should play} 87. Kd7 $16) 87... Bb2 (87... Bd4 $11) 88. Kd5 Bc3 $1 {[%emt 0:00:18] [#]} 89. Ke6 (89. Kc5 $1 $16) 89... Bb2 $11 90. Ne3 Kh4 91. Nc4 Bc3 92. Nxe5 Kxh3 93. Nf7 Kg3 94. Kd5 g4 95. fxg4 Kxg4 96. Ne5+ Kg5 97. Nc4 Kf6 98. Kd6 Bb4+ 99. Kd7 Bc3 100. Kd6 Bb4+ 101. Kd5 Bc3 102. Nd6 Ke7 103. Nf5+ Kd7 104. Ne3 Ke7 105. Nc4 Kd7 106. Na3 Ke7 107. Nb5 Bb2 108. Na7 Ba1 109. Nc8+ Kd7 110. Nd6 Ke7 111. Nf5+ Kd7 112. Nd4 Bxd4 113. Kxd4 Ke6 114. e5 Ke7 115. Kd5 Kd7 116. e6+ Ke7 117. Ke5 Ke8 118. Kd6 Kd8 119. e7+ Ke8 120. Ke6 1/2-1/2

[Event "Charlotte Summer IM B 2022"]
[Site "Charlotte"]
[Date "2022.07.26"]
[Round "5.3"]
[White "Adu, Oladapo"]
[Black "Homa, Seth"]
[Result "1/2-1/2"]
[ECO "B33"]
[WhiteElo "2056"]
[BlackElo "2237"]
[Annotator "TA"]
[PlyCount "45"]
[EventDate "2022.07.24"]
[EventType "tourn"]
[EventCountry "USA"]
[SourceTitle "playchess.com"]
[Source "ChessBase"]
[SourceQuality "1"]
[TimeControl "5400+30"]

1. e4 c5 2. Nf3 Nc6 3. d4 cxd4 4. Nxd4 Nf6 5. Nc3 e5 6. Ndb5 d6 7. Bg5 a6 8. Na3 b5 9. Nd5 Be7 10. Bxf6 Bxf6 11. c4 {[%emt 0:00:12] The position is equal.} b4 {[%emt 0:00:00] B33: Sicilian: Pelikan and Sveshnikov Variations.} 12. Nc2 O-O 13. g3 a5 14. Bg2 Be6 {[%emt 0:00:00] 14...g6 is the modern continuation.} 15. b3 Rc8 16. O-O Bxd5 17. Qxd5 Nd4 18. Nxd4 exd4 19. Qh5 g6 20. Qd1 Qb6 21. Qd3 Rc5 {[%emt 0:00:00] [#]} 22. Rae1 $146 ({Predecessor:} 22. f4 Re8 23. Rae1 Qa7 24. Kh1 Qd7 25. h4 h6 26. Kh2 Kg7 27. Rf2 Re7 28. Ref1 {½-½ (43) Vojta,J (2256)-Poltorak,S (2048) Bratislava 2019}) 22... a4 23. f4 {[%emt 0:00:55] Not much happened in this game.  Weighted Error Value: White=0.04 (flawless) /Black=0.04 (flawless)} 1/2-1/2

[Event "Charlotte Summer IM B 2022"]
[Site "Charlotte"]
[Date "2022.07.27"]
[Round "5.4"]
[White "Ringoir, Tanguy"]
[Black "Eckert, Doug"]
[Result "1-0"]
[ECO "D38"]
[WhiteElo "2490"]
[BlackElo "2177"]
[Annotator "TA"]
[PlyCount "75"]
[EventDate "2022.07.24"]
[EventType "tourn"]
[EventCountry "USA"]
[SourceTitle "playchess.com"]
[Source "ChessBase"]
[SourceQuality "1"]
[TimeControl "5400+30"]

1. d4 Nf6 2. c4 e6 3. Nf3 d5 4. Nc3 Bb4 5. cxd5 exd5 6. Bg5 h6 7. Bh4 O-O {[%emt 0:01:04] 7...Bf5 is the recent fashion. D38: Queen's Gambit Declined: Ragozin Defence (4 Nf3 Bb4).} 8. e3 Bf5 9. Be2 Nbd7 {[%emt 0:03:39] The position is equal.} 10. Qb3 Qe7 11. a3 Bxc3+ 12. Qxc3 c6 13. Nd2 Rfe8 14. O-O {[%emt 0:00:21] [#]} Nb6 $146 ({Predecessor:} 14... Ne4 15. Nxe4 Qxe4 16. Bg3 Qc2 17. Qxc2 Bxc2 18. Rfc1 Bf5 19. Rc3 Nf6 20. f3 Re7 {1-0 (64) Anderton,D (2087)-Crombleholme,A (2009) Llandudno 2017}) 15. a4 Nc8 16. Ra3 Ne4 17. Bxe7 Nxc3 18. bxc3 {[%emt 0:00:19] [#] aiming for Bh4.} Rxe7 19. c4 dxc4 20. Nxc4 Be6 21. Ne5 Nd6 22. Rc1 f6 23. Ng6 Rd7 24. f3 {[%emt 0:07:42] White is more active.} Kh7 25. Nf4 Bf7 26. Bd3+ f5 27. Rc5 {[%emt 0:04:08] Hoping for Rxf5.} g5 28. Ne2 Bg6 29. d5 cxd5 $1 30. Rxd5 Rad8 31. Nd4 {[%emt 0:01:13] Threatens to win with Ne6.} f4 $2 {[%emt 0:04:44][%mdl 8192] [#] Loses the game.} (31... Kg8 $14) 32. Ne6 $1 $18 Rc8 33. Bb5 Re7 (33... Rc1+ {might work better.} 34. Kf2 Rc2+ 35. Ke1 Rc1+ 36. Kd2 Rc2+ 37. Kd1 Kg8) 34. Rxd6 {[%emt 0:00:09] White is clearly winning.} a6 35. Be2 Rce8 36. Nd4 fxe3 37. Rc3 b5 38. Rcc6 {[%emt 0:00:55] Weighted Error Value: White=0.06 (flawless) /Black=0.34} 1-0

[Event "Charlotte Summer IM B 2022"]
[Site "Charlotte"]
[Date "2022.07.27"]
[Round "5.5"]
[White "Avila Rodriguez, Joshua Ad"]
[Black "Wang, Tianqi"]
[Result "0-1"]
[ECO "B07"]
[WhiteElo "2210"]
[BlackElo "2402"]
[Annotator "TA"]
[PlyCount "152"]
[EventDate "2022.07.24"]
[EventType "tourn"]
[EventCountry "USA"]
[SourceTitle "playchess.com"]
[Source "ChessBase"]
[SourceQuality "1"]
[TimeControl "5400+30"]

1. e4 d6 2. d4 Nf6 3. Nc3 e5 4. Nf3 exd4 5. Nxd4 Be7 6. g3 O-O 7. Bg2 Re8 8. O-O Bf8 9. h3 Nbd7 10. Re1 c6 11. a4 a5 {[%emt 0:00:09] B07: Pirc Defence: Miscellaneous Systems.} 12. b3 Nc5 13. Bb2 {[%emt 0:00:19] [#]} d5 $146 (13... Qb6 $11) ({Predecessor:} 13... Qb6 14. Qd2 h6 15. Rad1 Bd7 16. g4 Nh7 17. Kh1 Rad8 18. Nde2 Bc8 19. Ng3 Na6 {1-0 (57) Gabrielian,A (2480)-Kazhgaleyev,M (2554) Cheliabinsk 2022}) 14. exd5 $16 Rxe1+ 15. Qxe1 cxd5 16. Rd1 Qb6 17. Kh2 (17. Qe5 $16) 17... Bd7 $1 $14 18. Bc1 Re8 19. Be3 Nce4 20. Ncb5 (20. Nxe4 $16 dxe4 21. Nb5) 20... Bc5 21. Qe2 h5 22. Qd3 (22. Bxe4 $5 Rxe4 23. Kg2 $11) 22... h4 23. g4 (23. gxh4 $15 Bxb5 24. axb5) 23... Bxg4 $1 $17 24. hxg4 (24. f3 $17 Bh5 25. fxe4 dxe4 26. Qd2) 24... Nxg4+ $19 25. Kg1 Qg6 $1 26. f3 Nxe3 {[%emt 0:55:19][%mdl 64] Discovered Attack} 27. Qxe3 h3 {[%emt 0:00:00][%csl Gh3][%cal Rg6g2][%mdl 64] Pin} 28. Rd2 Nd6 29. Qf2 Nxb5 ({Stronger than} 29... Qxg2+ 30. Qxg2 hxg2 31. Kxg2 $17) 30. axb5 Bxd4 $2 ({Not} 30... Qxg2+ 31. Qxg2 hxg2 32. Kxg2 $17) (30... hxg2 31. b6 Re5) 31. Rxd4 hxg2 {[%emt 0:00:00][%mdl 4096] Endgame KQR-KQR. Black is more active.} 32. Rg4 (32. Rxd5 $17 f6 33. Rd3) 32... Qf5 33. Kxg2 Re6 34. Qd2 Rf6 (34... Qe5 $19 {Threatens to win with ...f5.} 35. Rh4 Qe2+ 36. Qxe2 Rxe2+ 37. Kg3 Rxc2) 35. Qc3 $17 b6 36. Kg3 d4 37. Rxd4 Qe5+ 38. Kg2 {[%emt 0:00:28] White threatens Rd8+ and mate.} Rg6+ 39. Kf1 {[%emt 0:00:10] Intending Rd8+ and mate.} Qxb5+ 40. Qd3 Qg5 (40... Qxd3+ $17 41. Rxd3 Kf8) 41. Rd8+ $15 Kh7 42. Rd5 {[%emt 0:00:45] Prevents f5.} Qc1+ 43. Ke2 {[%emt 0:00:04] Hoping for Rh5+.} Kh6 {[%emt 0:00:00][%cal Rg6g2] Prevents Rh5+.} 44. Qe3+ Qxe3+ 45. Kxe3 {[%emt 0:00:03] KR-KR} Rc6 46. c4 g5 47. Rb5 Kh5 48. Kf2 Kh4 49. Rf5 f6 50. Rd5 g4 51. fxg4 Kxg4 {[%emt 0:12:30] White must now prevent ...f5.} 52. Rd4+ Kg5 53. Kf3 $1 f5 {[%emt 0:00:00] next ...Rh6 is good for Black.} 54. Rd5 $1 Rc5 55. Rd6 (55. Rd8 $11) 55... b5 $17 56. cxb5 {[%emt 0:00:49] [#]} (56. Ra6 a4 57. bxa4 bxc4 58. Rb6) 56... Rc3+ $1 $19 57. Kf2 Rxb3 58. b6 {[%emt 0:00:08] [#]} Kg4 $1 {[%emt 0:03:30] ...a4 is the strong threat.} 59. Rd5 Rb2+ 60. Kf1 f4 $2 (60... a4 {mates} 61. Ra5 f4 62. Rxa4 Kg3 63. Ra8 Rb1+ 64. Ke2 f3+ 65. Kd3 Rxb6 66. Rg8+ Kf2 67. Rf8 Kg2 68. Rg8+ Kf1 69. Rg7 Rb2 70. Rg3 f2 71. Rg7 Re2 72. Rf7 Ke1 73. Kc3 Re6 74. Rb7 f1=Q 75. Rb1+ Kf2 76. Rxf1+ Kxf1 77. Kd4 Ke2 78. Kd5 Re8 79. Kc4 Ke3 80. Kd5 Kd3 81. Kc5 Re5+ 82. Kd6 Kd4 83. Kc6 Rd5 84. Kb6 Rc5 85. Kb7 Kc4 86. Kb6 Kb4 87. Ka7 Ka5 88. Kb7 Kb5 89. Ka7 Kc6 90. Kb8 Kb6 91. Ka8 Rc8#) 61. Rxa5 $11 Kg3 {[%emt 0:01:30] ( -> ...Rb1+)} 62. Rg5+ {[%emt 0:00:42] Black keeps a firm grip on the game.} Kf3 63. Ke1 $2 (63. Kg1 $17) 63... Rb1+ {[%emt 0:00:00] Black mates.} 64. Kd2 Rxb6 65. Rd5 Re6 66. Rd7 Kf2 67. Rf7 Rd6+ 68. Kc2 f3 69. Rf8 Ke2 70. Re8+ Kf1 71. Rf8 f2 72. Rg8 Rd5 73. Rg7 Ke2 74. Re7+ Kf3 75. Rf7+ Kg3 76. Kc1 Rd4 {[%emt 0:00:00] Weighted Error Value: White=0.64/Black=0.31} 0-1

[Event "Charlotte Summer IM B 2022"]
[Site "Charlotte"]
[Date "2022.07.27"]
[Round "6.1"]
[White "Zaloznyy, Mike"]
[Black "Wang, Tianqi"]
[Result "0-1"]
[ECO "D02"]
[WhiteElo "2171"]
[BlackElo "2402"]
[Annotator "TA"]
[PlyCount "120"]
[EventDate "2022.07.24"]
[EventType "tourn"]
[EventCountry "USA"]
[SourceTitle "playchess.com"]
[Source "ChessBase"]
[SourceQuality "1"]
[TimeControl "5400+30"]

1. d4 d5 2. Nf3 c6 3. c3 Bf5 4. Bf4 Qb6 5. Qb3 Nd7 6. Nbd2 {[%emt 0:01:41] D02: 1 d4 d5 2 Nf3 sidelines, including 2...Nf6 3 g3 and 2...Nf6 3 Bf4.} e6 7. e3 h6 8. h3 {[%emt 0:01:42] The position is equal.} Ngf6 9. Be2 Be7 10. Bh2 O-O {[%emt 0:01:11] [#]} 11. c4 $146 ({Predecessor:} 11. O-O Rfc8 12. Rfe1 a5 13. a3 Qxb3 14. Nxb3 Nb6 15. Nc1 Na4 16. Ra2 Bb1 17. Ra1 {0-1 (42) Kubicek,R (2070)-Koutsin,S (2415) Rymarov 1999}) 11... Qxb3 12. Nxb3 dxc4 13. Bxc4 Nb6 14. Be2 Na4 15. O-O a5 16. Nc1 (16. Ne5 $15) 16... Rfc8 {[%emt 0:17:04] Black is more active.} 17. Ne5 Nd5 18. Bf3 {[%emt 0:03:50] e4 is the strong threat.} Bh7 ({Much less strong is} 18... Nxb2 19. e4 $16) 19. Ned3 Nb4 20. Rd1 Ra7 21. Nxb4 axb4 22. Rd2 Bg6 23. Bf4 c5 24. dxc5 Nxc5 ({Black should try} 24... Bf6 $1 $17 25. Nb3 Bxb2) 25. Bd6 $15 Bf6 {[%emt 0:02:04] Threatens to win with ...b6.} 26. Bxc5 Rxc5 27. Nb3 Rc8 28. a4 Rc2 29. Rxc2 Bxc2 {[%emt 0:00:10] This bishop pair is nice.} 30. Nd4 Bxd4 31. exd4 {[%emt 0:00:07][%mdl 4096] Endgame KRB-KRB} b6 32. Bc6 Rc7 (32... Bb3 $5 ) 33. d5 Bb3 34. a5 bxa5 (34... exd5 $2 35. axb6 $1 Rxc6 36. Ra8+ Kh7 37. b7 $18) 35. Rxa5 exd5 36. Ra6 Rc8 {[%emt 0:19:22] Black wants to play ...d4.} 37. Rb6 Ba2 38. Kf1 d4 39. Ke1 Bb1 40. Kd2 b3 $1 41. Ra6 Rc7 42. f3 g6 43. Rb6 {[%emt 0:00:43] [#]} (43. Kd1 $15) 43... Bf5 (43... h5 $1 $17) 44. g4 $11 Be6 45. Kd3 Ra7 46. Rb8+ Kg7 {[%emt 0:00:17] White must now prevent ...Ra2.} 47. Ra8 $2 {[%emt 0:00:01][%mdl 8192] Loses the game.} (47. f4 $15) 47... Ra2 $19 48. Kxd4 Rxb2 49. Rb8 Rh2 50. Bd5 $2 (50. Rb7) 50... Rd2+ {[%emt 0:00:05] Black is clearly winning.} 51. Ke3 Rxd5 52. Rxb3 {[%emt 0:00:04] KRB-KR} Rd1 53. Rb6 Rh1 54. Kf2 Rxh3 55. Kg2 Rh4 56. Rb1 h5 57. Kg3 g5 58. Rb5 Kf6 59. Rc5 hxg4 60. f4 Rh3+ {[%emt 0:00:05] Weighted Error Value: White=0.60/Black=0.22 (precise)} 0-1

[Event "Charlotte Summer IM B 2022"]
[Site "Charlotte"]
[Date "2022.07.27"]
[Round "6.2"]
[White "Eckert, Doug"]
[Black "Avila Rodriguez, Joshua Ad"]
[Result "0-1"]
[ECO "D11"]
[WhiteElo "2177"]
[BlackElo "2210"]
[Annotator "TA"]
[PlyCount "90"]
[EventDate "2022.07.24"]
[EventType "tourn"]
[EventCountry "USA"]
[SourceTitle "playchess.com"]
[Source "ChessBase"]
[SourceQuality "1"]
[TimeControl "5400+30"]

1. d4 d5 2. c4 c6 3. Nf3 Nf6 4. g3 Bf5 5. Nc3 e6 6. Qb3 {[%emt 0:00:18] D11: Slav Defence: 3 Nf3 sidelines and 3...Nf6 4 e3 Bg4.} Qb6 7. c5 Qxb3 8. axb3 {[%emt 0:00:04] The position is equal.} Be7 9. Bf4 O-O 10. Bg2 Nbd7 11. b4 {[%emt 0:01:58] [#]} a6 $146 ({Predecessor:} 11... h6 12. b5 g5 13. bxc6 bxc6 14. Bc1 Ne4 15. Nd2 Nxd2 16. Bxd2 Bf6 17. e4 Bg6 18. Be3 a5 19. e5 Be7 20. Kd2 Rfb8 {½-½ (20) Janoszka,A (2315)-Giesen,D (2269) Germany 2006}) 12. O-O h6 13. h3 Rfe8 14. g4 Bh7 15. Bh2 Bf8 16. Rfc1 g5 17. e3 Bg7 18. Re1 Kh8 19. Nd2 e5 20. Nb3 Ng8 (20... exd4 $14 21. Nxd4 Kg8) 21. Na5 $16 Ra7 22. Red1 (22. Na4 $16) 22... exd4 $11 23. exd4 Nf8 24. Rd2 Ne6 {[%emt 0:00:00] Against Bc7} 25. Re1 Re7 (25... Ne7 $15) 26. Bd6 (26. Bb8 $1 $14 Ra8 27. Bd6) 26... Rd7 27. Nb3 Ne7 28. Na4 {[%emt 0:01:38] aiming for Nb6.} Nc8 29. Bg3 Ra8 30. Nc3 Na7 31. Na4 Re8 (31... Rg8 $5 ) 32. Nb6 Rdd8 33. Na5 Nxd4 34. Re3 Nc2 35. Rf3 (35. Nxb7 $15 Nxe3 36. fxe3) 35... Re1+ (35... Bxb2 36. Rxf7 Re1+ 37. Kh2 $16) (35... Nxb4 36. Nxb7 Re1+ 37. Kh2 $11) 36. Kh2 {[%emt 0:00:10] [#]} Re7 ({Worse is} 36... Nxb4 37. Nxb7 Rde8 38. Rb3 $11) ({Resist} 36... Bxb2 37. Rxf7 Rde8 {[#]} 38. Rxh7+ $1 (38. Nxb7 Bg6 $14) (38. Rxb7 Bc3 $16) 38... Kxh7 39. Rxc2 $16) 37. Nbc4 Nd4 $2 ({And not} 37... Nxb4 38. Nd6 Rdd7 39. Rb3 $15) ({Better is} 37... Nb5 $19 {White must now prevent ...Nbd4.} 38. Na3 Nbd4 39. Nxc2 Nxc2) 38. Rxd4 $4 Bxd4 $19 39. Nd6 Rdd7 40. Nf5 (40. Bf1 $142) 40... Bxf5 {[%emt 0:00:13] Black is clearly winning.} 41. Rxf5 Nb5 42. h4 f6 43. f4 gxf4 44. Bxf4 Be5 45. Bxe5 fxe5 {[%emt 0:00:06] Weighted Error Value: White=0.43/Black=0.20 (precise)} 0-1

[Event "Charlotte Summer IM B 2022"]
[Site "Charlotte"]
[Date "2022.07.27"]
[Round "6.3"]
[White "Homa, Seth"]
[Black "Ringoir, Tanguy"]
[Result "0-1"]
[ECO "E14"]
[WhiteElo "2237"]
[BlackElo "2490"]
[Annotator "TA"]
[PlyCount "66"]
[EventDate "2022.07.24"]
[EventType "tourn"]
[EventCountry "USA"]
[SourceTitle "playchess.com"]
[Source "ChessBase"]
[SourceQuality "1"]
[TimeControl "5400+30"]

1. d4 d5 2. c4 c6 3. Nc3 Nf6 4. e3 e6 5. Nf3 Nbd7 6. Be2 b6 7. O-O Bb7 8. b3 Bd6 9. Bb2 O-O 10. Bd3 c5 11. cxd5 {[%emt 0:00:32] E14: Queen's Indian: Classical Variation (4 e3).} Nxd5 12. Nxd5 Bxd5 {[%emt 0:00:00] [#]} 13. Rc1 $146 {[%emt 0:03:51] The position is equal.} ({Predecessor:} 13. e4 Bb7 14. d5 exd5 15. exd5 Nf6 16. Qc2 Bxd5 17. Bxf6 Qxf6 18. Bxh7+ Kh8 19. Be4 Bxe4 20. Qxe4 Rfe8 21. Qc2 Re6 22. Rae1 Rae8 23. Rxe6 Rxe6 24. Rd1 Qf4 25. Qd3 g6 {½-½ (24) Real de Azua,E (2496)-Pichot,A (2564) Villa Martelli 2018}) 13... cxd4 14. Nxd4 Nc5 15. Bc4 Bxc4 (15... Qh4 16. f4 Bxc4 17. Rxc4 $16) 16. Rxc4 Qd7 (16... Qh4 17. f4 $16 (17. Nf3 Qe7 $14)) 17. Nf3 Rfd8 18. Qc2 a5 19. Rg4 e5 $1 20. Rh4 e4 $1 21. Ng5 $1 Qe7 22. Rh5 (22. f4 $11 h6 {[#]} 23. Qc3 $1) 22... Rac8 {[%emt 0:00:00] [#] White must now prevent ...Ne6.} 23. Qe2 {[%emt 0:07:08] And now Qg4 would win.} (23. Nxh7 Nd3 24. Qe2 Nxb2 25. Qxb2 Rc5 $17) ({Not} 23. Qc3 $2 Ne6 24. Qe1 Nxg5 $19) 23... h6 $36 {[%emt 0:00:00][%mdl 2048] Black has good play.} 24. f4 {[%emt 0:17:49][%cal Oe2g4] Threatens to win with Qg4!} Nd3 (24... hxg5 25. fxg5 Nd3 26. Qg4 $11) 25. Bxg7 Kxg7 26. Qg4 {[%emt 0:00:14] White threatens Ne6+ and mate.} hxg5 (26... Qf6 $1 $15 27. Nxf7+ Qg6 28. Nxh6 Qxg4 29. Nxg4 Be7) 27. Qf5 $4 {[%emt 0:03:45][%mdl 8192] Now White is beyond hope.} (27. Rxg5+ $11 Qxg5 28. fxg5) 27... Qe6 $19 {[%emt 0:03:31] Black is clearly winning.} 28. Qh7+ Kf8 {[%emt 0:00:10] Strongly threatening ...Bc5.} 29. Rh6 Qd5 {[%emt 0:01:24] Hoping for ...Bc5.} (29... f6 $2 30. Qh8+ (30. fxg5 Be5 $16) 30... Qg8 31. Qxf6+ Ke8 32. Rh8 $18) 30. fxg5 Be5 {[%emt 0:01:15] aiming for ...Rc1.} 31. g6 Rc1 32. Rh5 Rxf1+ 33. Kxf1 Qe6 {[%emt 0:00:28] Weighted Error Value: White=0.62/Black=0.05 (flawless)} 0-1

[Event "Charlotte Summer IM B 2022"]
[Site "Charlotte"]
[Date "2022.07.27"]
[Round "6.4"]
[White "Mishra, Prateek"]
[Black "Adu, Oladapo"]
[Result "1/2-1/2"]
[ECO "B22"]
[WhiteElo "2204"]
[BlackElo "2056"]
[Annotator "TA"]
[PlyCount "181"]
[EventDate "2022.07.24"]
[EventType "tourn"]
[EventCountry "USA"]
[SourceTitle "playchess.com"]
[Source "ChessBase"]
[SourceQuality "1"]
[TimeControl "5400+30"]

1. e4 c5 2. Nf3 e6 3. c3 d5 4. exd5 Qxd5 5. d4 Nf6 6. Na3 a6 7. Nc4 Nbd7 8. Be2 cxd4 {[%emt 0:02:19] 8...b5 might become the main line.} (8... b5 $5 9. Ne3 Qd6 $14) 9. Qxd4 {[%emt 0:04:19] B22: Sicilian: 2 c3.} Bc5 10. Qxd5 Nxd5 11. a4 {[%emt 0:01:10] The position is equal.} b6 {[%emt 0:00:01] [#]} 12. Nfd2 $146 ({Predecessor:} 12. O-O Bb7 13. Rd1 O-O 14. Nfe5 Nxe5 15. Nxe5 Rfd8 16. Bf3 Ne7 17. Bf4 Bxf3 18. Nxf3 {1-0 (47) Harika,D (2517)-Bacrot,E (2638) Chess.com INT 2022}) 12... N7f6 (12... O-O {is more appropriate.}) 13. Nb3 Be7 14. Bf3 Rb8 15. Bg5 Bb7 16. Bh4 b5 (16... Nf4 $1 $11 {remains equal.} 17. Bxb7 Rxb7 18. Bxf6 gxf6) 17. axb5 $16 axb5 18. Nca5 Ba8 19. Bg3 {[%emt 0:01:57] Inhibits Bd6.} Rc8 20. Nd4 b4 21. c4 Nb6 22. Ndc6 $1 Nxc4 23. Nxc4 Bxc6 24. Nb6 $1 (24. Bxc6+ Rxc6 25. Ra8+ Bd8 26. Nd6+ Ke7 27. Ra7+ Bc7 $15) 24... Bxf3 $2 (24... O-O) 25. Nxc8 $18 Bxg2 26. Rg1 Bc6 27. Ra7 Nd5 28. Nxe7 Nxe7 29. Bd6 (29. Be5 $6 Nf5) (29. Kd2 $18) 29... Nc8 $16 30. Rc7 {[%emt 0:00:12] 0x0.0002deefdd5adp-1022s more active pieces. The black rooks are badly placed.} Nxd6 31. Rxc6 {[%emt 0:00:06][%mdl 4096] Endgame KRR-KRN} Kd7 32. Rb6 {[%emt 0:00:15][%mdl 1024] White has strong compensation.} g6 33. Ke2 Ke7 (33... Rc8 $16) 34. Rd1 $1 $18 (34. Rxb4 $6 Rc8 $16) 34... Nf5 35. Rb7+ (35. Rxb4 Nd6 36. Rb6 Rd8) 35... Kf6 36. Rdd7 ({Don't do} 36. Rxb4 h5 $16) 36... Rf8 37. Rxb4 g5 (37... e5 $142 38. Rb6+ Kg5) 38. Rbb7 h5 39. b4 g4 40. b5 {[%emt 0:00:16] Black must now prevent b6.} Ke5 41. Rxf7 (41. b6 $142) 41... Nd4+ (41... Rd8 {keeps fighting.} 42. Rfd7 Nd4+ 43. Kd3 Rxd7 44. Rxd7 Nxb5) 42. Kd3 $1 Rxf7 43. Rxf7 {[%emt 0:00:07] aiming for Rh7.} Nxb5 {[%emt 0:00:01] KR-KN} 44. Rh7 (44. f3 $18 {has better winning chances.}) 44... Kf4 (44... Nd4 $16 45. Rxh5+ Nf5) 45. Rxh5 e5 $2 (45... Nd6 46. Rh8 Nf5) 46. Ke2 $2 (46. Kc4 $18 Nd6+ 47. Kd3) 46... Nd4+ 47. Kf1 Nf5 48. Rh8 Ke4 49. Kg2 Kf4 50. Ra8 Nh4+ 51. Kf1 Nf3 $2 (51... Nf5 $16 52. Rh8 Nd4) 52. Rh8 $2 (52. Rf8+ $1 $18 {is the precise move to win.} Kg5 53. h3) 52... Nd4 $16 53. Kg2 Nf5 $1 54. Rh7 Ke4 55. Ra7 {[%emt 0:01:25] Ra4+ is the strong threat.} Kf4 56. Ra4+ Kg5 $2 (56... Nd4 $16 {was worth a try.} 57. Rb4 Kf5) 57. Kf1 (57. f3 $1 $18 {[%cal Rf3g4] and the rest is easy.} Nd4 58. fxg4 Kxg4 59. h3+ Kf4 60. Kf2) 57... Nd4 58. Ra3 Kf4 59. h3 gxh3 60. Rxh3 Nf3 61. Rh8 Ng5 62. Ke2 Ke4 63. Rh4+ Kf5 64. Ke3 $1 Kf6 65. Kd3 {[%emt 0:00:42] Strongly threatening Kc4.} Kf5 66. Kc4 {[%emt 0:01:36] Threatens to win with Kd5.} Nf3 $2 (66... Ne6 $16) 67. Rh8 Ke4 {[%emt 0:00:00] [#]} 68. Rf8 $2 (68. Rh3 $1 $18 Nd2+ 69. Kc5) 68... Nd4 {[%emt 0:00:00] [#]} 69. Rf6 (69. Kc3 $1 $16) 69... Nf3 (69... Ne2 $11 {keeps the balance.}) 70. Kc3 Nh4 71. Kd2 Nf3+ 72. Ke2 Nd4+ 73. Kf1 Nf5 74. Kg2 Kf4 75. Rf8 Kg4 76. Ra8 Nh4+ 77. Kf1 {[%emt 0:00:06] And now Ra4+ would win.} Nf5 78. Ke2 Kf4 79. Kd3 e4+ 80. Ke2 Nd4+ 81. Kd2 Nf5 82. Re8 Kf3 83. Rf8 ({Don't take} 83. Ke1 $6 e3 84. fxe3 Nxe3 $14) 83... Kf4 84. Kc3 Ke5 85. Re8+ (85. Rd8 $16) 85... Kf4 $1 $11 86. Kd2 Nd4 (86... Kf3 $11 87. Rf8 (87. Ke1 e3 $14) 87... Kf4) 87. Rf8+ Nf5 88. Ke2 {[%emt 0:00:39] White is clearly better.} Ke5 89. Rf7 Nd4+ 90. Kd2 Nf5 91. Kc3 {[%emt 0:00:47] Weighted Error Value: White=0.46/Black=0.31} 1/2-1/2